 Dungeon Crawl Stone Soup version 0.19-a0-1532-g228a5d9 (webtiles) character file.

226 epen the Ducker (level 6, -3/49 HPs)
             Began as a Merfolk Monk on Sept 13, 2016.
             Slain by a big kobold zombie (4 damage)
             ... in an ossuary.
             The game lasted 00:03:57 (3303 turns).

epen the Ducker (Merfolk Monk)                      Turns: 3303, Time: 00:03:59

Health: -3/49      AC:  3    Str: 16    XL:     6   Next: 1%
Magic:  6/6        EV: 16    Int: 15    God:
Gold:   168        SH:  0    Dex: 18    Spells: 0 memorised, 5 levels left

rFire  . . .     SeeInvis .       - Unarmed
rCold  . . .     Gourm    .     a - +0 robe
rNeg   . . .     Faith    .     (no shield)
rPois  .         Spirit   .     e - +0 helmet
rElec  .         Dismiss  .     (no cloak)
rCorr  .         Reflect  .     (no gloves)
MR     .....     Harm     .     (no boots)
Stlth  +++.......               j - amulet of regeneration
                                (no ring)
                                n - ring of stealth

@: mighty, brilliant, exhausted, slowed, very slow
A: change form in water, swift swim, stealthy swim
a: no special abilities


You were in an ossuary.
You were very hungry.

You visited 1 branch of the dungeon, and saw 4 of its levels.
You also visited: Ossuary.

You collected 168 gold pieces.

Inventory:

Armour
 a - a +0 robe (worn)
 e - a +0 helmet (worn)
Jewellery
 j - an amulet of regeneration (around neck)
 n - a ring of stealth (left hand)
Wands
 v - a wand of enslavement (15/24)
Scrolls
 c - 5 scrolls of identify
 g - a scroll of teleportation
 i - a scroll of enchant weapon
 m - a scroll of blinking
Potions
 l - 2 potions of flight
 q - 2 potions of agility {unknown}
 s - a potion of mutation {unknown}
 u - 2 potions of curing {unknown}
Comestibles
 b - 4 bread rations
 f - 4 meat rations
 o - a royal jelly


   Skills:
 + Level 4.4 Fighting
 + Level 5.7 Dodging
 - Level 2.1 Stealth
 * Level 5.4 Unarmed Combat


You had 5 spell levels left.
You didn't know any spells.

Dungeon Overview and Level Annotations

Branches:
Dungeon (4/15)
 Temple: D:4-7

Altars:
Qazlal
Sif Muna
The Shining One


Message History

The big kobold zombie is severely damaged.
The big kobold zombie barely misses you.
The big kobold zombie hits you.
* * * LOW HITPOINT WARNING * * *
The goblin zombie closely misses you.
You hit the big kobold zombie.
The big kobold zombie is almost destroyed.
The big kobold zombie hits you.
* * * LOW HITPOINT WARNING * * *
The big kobold zombie hits you.
* * * LOW HITPOINT WARNING * * *
The goblin zombie closely misses you.
The big kobold zombie closely misses you.
You hit the big kobold zombie.
The big kobold zombie is almost destroyed.
The big kobold zombie hits you but does no damage.
The goblin zombie hits you.
* * * LOW HITPOINT WARNING * * *
The big kobold zombie hits you.
You die...

##### ##...##
##.....##
#...∩...#
#.Z.....#
#@Z.∩...#
##Z....##
##...## #...#
#####...####
#..M........#
##Z........##
#...........#
##.........##


You could see a goblin zombie and 2 big kobold zombies.

Vanquished Creatures
  A human zombie (Ossuary)
  2 big kobold zombies (Ossuary)
  A mummy (Ossuary)
  4 gnolls
  4 adders (D:2)
  2 worms (D:2)
  A dart slug (D:1)
  3 giant geckos
  2 ball pythons
  2 giant cockroaches
  9 goblins
  4 hobgoblins
  8 jackals
  7 bats
  3 giant newts
  6 kobolds
  3 rats
62 creatures vanquished.

Notes
Turn   | Place    | Note
-------+----------+-------------------------------------------
     0 | D:1      | epen the Merfolk Monk began the quest for the Orb.
     0 | D:1      | Reached XP level 1. HP: 18/18 MP: 1/1
    58 | D:1      | Reached XP level 2. HP: 7/24 MP: 2/2
   672 | D:1      | Reached XP level 3. HP: 29/29 MP: 3/3
  1683 | D:2      | Reached XP level 4. HP: 22/37 MP: 4/4
  1838 | D:2      | Reached skill level 5 in Dodging
  2237 | D:2      | Reached XP level 5. HP: 38/42 MP: 5/5
  2350 | D:3      | Found a stormy altar of Qazlal.
  2691 | D:3      | Found a glowing golden altar of the Shining One.
  3021 | D:3      | Found a deep blue altar of Sif Muna.
  3212 | D:4      | Found a sand-covered staircase.
  3246 | Ossuary  | Entered an ossuary
  3270 | Ossuary  | Reached skill level 5 in Unarmed Combat
  3294 | Ossuary  | Reached XP level 6. HP: 10/49 MP: 6/6
  3303 | Ossuary  | HP: 1/49 [goblin zombie (3)]
  3303 | Ossuary  | Slain by a big kobold zombie

Vault maps used:
D:1:      dpeg_arrival_line_fractal
D:3:      overflow_temple_1_default, lemuel_round_altar, lemuel_blue_sif_altar
D:4:      nicolae_ossuary_entry_false_entrances
Ossuary:  minmay_ossuary_gauntlet

Skill      XL: |  1  2  3  4  5 |
---------------+----------------+-----
Unarmed Combat | 4 5 |  5.4
Dodging        | 5 |  5.7
Fighting       | 4 |  4.4
Stealth        | |  2.1

Action                   |  1- 3 |  4- 6 || total
-------------------------+-------+-------++-------
Melee: Unarmed           |   125 |   139 ||   264
       Punch             |     5 |     3 ||     8
  Use: Scroll            |       |     9 ||     9
       Potion            |       |     4 ||     4
 Stab: Sleeping          |     5 |     3 ||     8
       Distracted        |       |     1 ||     1
  Eat: Chunk             |     2 |     5 ||     7
Armor: Robe              |    28 |    33 ||    61
Dodge: Dodged            |    83 |   110 ||   193
